 Dungeon Crawl Stone Soup version 0.29-a0-451-gfbfa42419e (webtiles) character file.

Game seed: 8799435797776217837

48 Pelinal the Chiller (level 3, 0/24 HPs)
             Began as a Merfolk Ice Elementalist on May 19, 2022.
             Slain by a bat (1 damage)
             ... on level 2 of the Dungeon.
             The game lasted 00:02:29 (1038 turns).

Pelinal the Chiller (Merfolk Ice Elementalist)      Turns: 1038, Time: 00:02:30

Health: 0/24       AC:  2    Str:  8    XL:     3   Next: 72%
Magic:  0/6        EV: 12    Int: 16    God:
Gold:   52         SH:  0    Dex: 14    Spells: 5/6 levels left

rFire   . . .      SeeInvis .   n - +2 dagger (venom)
rCold   . . .      Faith    .   (no shield)
rNeg    . . .      Spirit   .   a - +0 robe
rPois   .          Reflect  .   (no helmet)
rElec   .          Harm     .   (no cloak)
rCorr   .          Rampage  .   (no gloves)
Will    .....                   (no boots)
Stlth   ++........              (no amulet)
HPRegen 0.08/turn               (no ring)
MPRegen 0.10/turn               (no ring)

@: brilliant, very slightly contaminated
A: (nimble swimmer 2), mertail
a: no special abilities


You were on level 2 of the Dungeon.
You visited 1 branch of the dungeon, and saw 2 of its levels.

You collected 52 gold pieces.

Inventory:

Hand Weapons
 g - a +2 short sword of venom
 k - a +0 spear
 n - a +2 dagger of venom (weapon)
Missiles
 e - 3 stones
Armour
 a - a +0 robe (worn)
Scrolls
 c - 3 scrolls of identify {unknown}
 d - a scroll of fear {unknown}
 f - a scroll of teleportation {unknown}
 i - 2 scrolls of enchant armour {unknown}
 l - a scroll of silence {unknown}
Potions
 b - 2 potions of magic
 h - a potion of brilliance
 j - a potion of mutation {unknown}
 m - a potion of haste {unknown}


   Skills:
 - Level 2.6 Dodging
 - Level 2.1 Stealth
 - Level 2.0 Spellcasting
 + Level 5.8 Ice Magic


You had 5 spell levels left.
You knew the following spells:

 Your Spells              Type           Power      Damage    Failure   Level
a - Freeze                Ice            100%       1d11      1%          1

Your spell library contained the following spells:

 Spells                   Type           Power      Damage    Failure   Level
 Frozen Ramparts          Ice            60%        1d8       5%          3
 Ozocubu's Armour         Ice            30%        N/A       5%          3
 Hailstorm                Conj/Ice       16%        3d6       52%         4


Dungeon Overview and Level Annotations

Branches:
Dungeon (2/15)

Altars:

Annotations:
D:2 Natasha


Innate Abilities, Weirdness & Mutations

((You are very nimble when in or above water. (Stealth+, EV+, Speed+++)))
Your lower body shifts to a powerful aquatic tail in water.


Message History

You freeze Natasha!
Natasha is heavily wounded.
A bat comes into view.
Natasha claws you.
Casting: Freeze (safe; 1% risk of failure)
Confirm with . or Enter, or press ? or * to list all spells.
Aiming: Freeze (safe; 1% risk of failure)
Press: ? - help, Shift-Dir - straight line, f/p - Natasha
Aim: Natasha (heavily wounded)
You miscast Freeze.
You are very lightly contaminated with residual magic.
Nothing appears to happen.
Natasha claws you!
* * * LOW HITPOINT WARNING * * *
Casting: Freeze (safe; 1% risk of failure)
Confirm with . or Enter, or press ? or * to list all spells.
Aiming: Freeze (safe; 1% risk of failure)
Press: ? - help, Shift-Dir - straight line, f/p - Natasha
Aim: Natasha (heavily wounded)
You freeze Natasha.
Natasha is severely wounded.
Natasha claws you.
* * * LOW HITPOINT WARNING * * *
Casting: Freeze (safe; 1% risk of failure)
Confirm with . or Enter, or press ? or * to list all spells.
You don't have enough magic to cast this spell.
Unknown command.
Unknown command.
It was a potion of brilliance.
You feel clever all of a sudden. The bat barely misses you.
Natasha barely misses you.
Unknown command.
Casting: Freeze (safe; 1% risk of failure)
Confirm with . or Enter, or press ? or * to list all spells.
Aiming: Freeze (safe; 1% risk of failure)
Press: ? - help, Shift-Dir - straight line, f/p - Natasha
Aim: Natasha (severely wounded)
You feel a surge of power!
You freeze Natasha.
Natasha is severely wounded.
The bat hits you.
You die...

##########.###########
....................>#######
##########.#.#######........
#.#.##....#.#######
#.#.##....#.##
#.#.##.......#
#(#.#.....#..#
#.#.#..†.<#..#
#'#.#..@..#..#
......hb..#... #
..........##.## #
..........# .. # #
.....#+##.# .# # ..... .# #
.... .# # .... .# # #


You could see Natasha and a bat.

Vanquished Creatures
  Natasha (D:2)
  A bat (D:2)
  4 endoplasms (D:2)
  3 giant cockroaches
  2 goblins
  A hobgoblin (D:2)
  4 kobolds
  A quokka (D:1)
  A frilled lizard (D:1)
  2 rats (D:2)
20 creatures vanquished.

Notes
Turn   | Place    | Note
-------+----------+-------------------------------------------
     0 | D:1      | Pelinal the Merfolk Ice Elementalist began the quest for
                  | the Orb.
     0 | D:1      | Reached XP level 1. HP: 13/13 MP: 3/3
   249 | D:1      | Reached XP level 2. HP: 19/19 MP: 5/5
   446 | D:1      | You fall into a shaft and drop 1 floor!
   465 | D:2      | Reached skill level 5 in Ice Magic
   645 | D:2      | Noticed Natasha
   649 | D:2      | Noticed a crimson imp
   650 | D:2      | Noticed a crimson imp
   654 | D:2      | Noticed a crimson imp
   654 | D:2      | Killed Natasha
   655 | D:2      | Reached XP level 3. HP: 13/24 MP: 0/6
  1026 | D:2      | Noticed Natasha
  1036 | D:2      | HP: 1/24 [Natasha (1)]
  1038 | D:2      | Slain by a bat

Illustrated notes

Levels and vault maps discovered:
D:1:      onia_arrival_pentagram, layout_loops_ring,
          shapermc_ecumenical_altar_mp_urbaneastern,
          chequers_serial_rivers_micro_e
D:2:      layout_basic, basic_altar, uniq_natasha, uniq_crazy_yiuf_cottage

Skill      XL: |  1  2 |
---------------+-------+-----
Ice Magic      | 5 |  5.8
Dodging        | |  2.6
Stealth        | |  2.1
Spellcasting   | |  2.0

Action                   || total
-------------------------++-------
Melee: Dagger            ||    18
       Short sword       ||    14
 Cast: Freeze            ||    15
  Use: Potion            ||     1
 Stab: Sleeping          ||     4
Armor: Robe              ||     3
Dodge: Dodged            ||    20

Table legend: (Time is in decaauts)
 A = Elapsed time spent in this place.
 B = Non-inter-level travel time spent in this place.
 C = Inter-level travel time spent in this place.
 D = Time resting spent in this place.
 E = Time spent auto-exploring this place.
 F = Levels seen in this place.
 G = Mean time per level.
                   A        B        C        D        E       F      G
               +--------+--------+--------+--------+--------+-----+--------+
         Total |   1037 |   1037 |      0 |    226 |    620 |   2 |  518.5 |
       Dungeon |   1037 |   1037 |      0 |    226 |    620 |   2 |  518.5 |
               +--------+--------+--------+--------+--------+-----+--------+

Top non-repeatable levels by time:
     D:2: 592 daAuts
     D:1: 445 daAuts
